 Dungeon Crawl Stone Soup version 0.28-a0-1493-g08698888e4 (webtiles) character file.

Game seed: 17987649303940713842

364 iamoutofideas the Grasshopper (level 6, 0/51 HPs)
             Began as a Gnoll Warper on Jan 12, 2022.
             Was an Initiate of Ashenzari.
             Succumbed to a scorpion's poison
             ... on level 2 of the Dungeon.
             The game lasted 00:05:54 (5219 turns).

iamoutofideas the Grasshopper (Gnoll Warper)        Turns: 5219, Time: 00:05:54

Health: 0/51       AC:  4    Str: 11 (12) XL:     6   Next: 67%
Magic:  13/14      EV: 12    Int: 12 (13) God:    Ashenzari [......]
Gold:   172        SH:  0    Dex:  8 (11) Spells: 7/15 levels left

rFire   . . .      SeeInvis .   a - +0 hand axe
rCold   . . .      Faith    .   (no shield)
rNeg    . . .      Spirit   .   b - +0 leather armour
rPois   .          Reflect  .   m - +0 helmet "Oscillating Fan" {Bglg, Cun} (curse)
rElec   .          Harm     .   (no cloak)
rCorr   .          Rampage  .   (no gloves)
Will    .....                   (no boots)
Stlth   +.........              (no amulet)
HPRegen 0.17/turn               (no ring)
MPRegen 0.14/turn               (no ring)

@: lethally poisoned (0 -> -9), attractive
A: fangs 1, strong nose, distributed training
a: Renounce Religion, Shatter the Chains


You were on level 2 of the Dungeon.
You worshipped Ashenzari.
Ashenzari was noncommittal.
You visited 1 branch of the dungeon, and saw 4 of its levels.

You collected 172 gold pieces.

Inventory:

Hand Weapons
 a - a +0 hand axe (weapon)
 q - a +0 hunting sling
Missiles
 d - 5 boomerangs of dispersal (quivered)
 n - 2 throwing nets
 r - 51 stones
Armour
 b - a +0 leather armour (worn)
 i - a +0 plate armour
 m - the cursed +0 helmet "Oscillating Fan" (worn) {Bglg, Cun}
   (You found it on level 2 of the Dungeon)

   It has a curse which improves the following skills: Beguiling: Conjurations,
   Hexes and Translocations.
   Cunning:   Dodging and Stealth.
Wands
 g - a wand of polymorph (6)
Scrolls
 c - a scroll of blinking
 e - a scroll of silence {unknown}
 h - a scroll of fear {unknown}
 j - a scroll of immolation {unknown}
 l - 3 scrolls of identify {unknown}
 s - a scroll of noise {unknown}
 t - a scroll of teleportation {unknown}
Potions
 k - a potion of might


   Skills:
 + Level 5.0 Fighting
 + Level 2.1 Short Blades
 + Level 2.1 Long Blades
 + Level 5.0 Axes
 + Level 2.1 Maces & Flails
 + Level 2.1 Polearms
 + Level 2.1 Staves
 + Level 2.1 Slings
 + Level 2.1 Bows
 + Level 2.1 Crossbows
 + Level 3.3 Throwing
 + Level 3.3 Armour
 + Level 5.0(5.4) Dodging
 + Level 2.1(2.4) Stealth
 + Level 2.1 Shields
 + Level 2.1 Unarmed Combat
 + Level 5.4 Spellcasting
 + Level 1.6(2.0) Conjurations
 + Level 1.6(2.0) Hexes
 + Level 1.6 Summonings
 + Level 1.6 Necromancy
 + Level 5.7(6.1) Translocations
 + Level 1.6 Transmutations
 + Level 1.6 Fire Magic
 + Level 1.6 Ice Magic
 + Level 1.6 Air Magic
 + Level 1.6 Earth Magic
 + Level 1.6 Poison Magic
 + Level 2.3 Invocations
 + Level 2.1 Evocations


You had 7 spell levels left.
You knew the following spells:

 Your Spells              Type           Power      Damage    Failure   Level
a - Blink                 Tloc           36%        N/A       3%          2
b - Ozocubu's Armour      Ice            7%         N/A       36%         3
c - Teleport Other        Tloc           18%        N/A       6%          3

Your spell library contained the following spells:

 Spells                   Type           Power      Damage    Failure   Level
 Gell's Gravitas          Tloc           18%        N/A       6%          3
 Lesser Beckoning         Tloc           18%        N/A       6%          3
 Summon Guardian Golem    Hex/Summ       7%         N/A       34%         3
 Manifold Assault         Tloc           18%        N/A       47%         5
 Orb of Destruction       Conj           4%         9d2       100%        7
 Ozocubu's Refrigeration  Ice            3%         4d5       100%        7
 Spellforged Servitor     Conj/Summ      3%         N/A       100%        7


Dungeon Overview and Level Annotations

Branches:
Dungeon (4/15)
 Temple: D:4-7

Altars:
Ashenzari
Ru

Annotations:
D:3 3 runed translucent doors, hashsling's ghost, novice KoAM


Innate Abilities, Weirdness & Mutations

You have very sharp teeth.
Your uncanny sense of smell can sniff out nearby items.
Your experience applies equally to all skills.


Message History

You barely miss the scorpion.
The scorpion is moderately wounded.
You barely miss the goblin.
You feel very sick. The goblin completely misses you. The scorpion stings you!
You hit the scorpion but do no damage.
The scorpion is moderately wounded.
You completely miss the goblin.
You feel sick. The goblin misses you. The scorpion stings you.
You are more poisoned.
The scorpion poisons you!
Unknown command.
Casting: Blink (safe; 3% risk of failure)
Confirm with . or Enter, or press ? or * to list all spells.
You blink.
You feel very sick.
You feel very sick.
You feel sick.
You feel sick.
You feel stable enough to blink again.
You feel sick.
You feel sick.
There is a stone staircase leading up here.
You feel sick. The goblin hits you but does no damage. The scorpion stings you.
* * * LOW HITPOINT WARNING * * *
You are lethally poisoned!
The scorpion poisons you!
You climb upwards.
* * * LOW HITPOINT WARNING * * *
You feel very sick.
There is a stone staircase leading down here.
It was a potion of attraction.
You feel attractive to monsters.
* * * LOW HITPOINT WARNING * * *
You feel sick. The goblin hits you with a +0 dagger.
* * * LOW HITPOINT WARNING * * *
Okay, then.
Okay, then.
You barely miss the goblin.
You die...

...##.#...........#
#'###.###########.#
#.###.# #.# #.#...#
#.# #.#.###
######.# ..#.#
#......# .[#.#####
#.######
.##.....####.#####
...............g@#
.....#...###..####
.....#...# #....#
#.#......# ######
+.#.#....#
#.#.#.#..#
+.#.#....#
###.#....#
..).#....#


You could see a goblin.

Vanquished Creatures
  Sigmund (D:4)
  An iguana (D:4)
  Robin (D:4)
  7 adders
  An adder skeleton (D:4)
  2 worms
  A dart slug (D:3)
  5 orcs
  6 bats
  8 endoplasms
  A giant cockroach (D:3)
  21 goblins
  7 hobgoblins
  4 jackals (D:2)
  3 quokkas
  9 ball pythons
  4 frilled lizards
  5 kobolds
  6 rats
93 creatures vanquished.

Vanquished Creatures (others)
  A fungus (D:1)
  A plant (D:1)
2 creatures vanquished.

Grand Total: 95 creatures vanquished

Notes
Turn   | Place    | Note
-------+----------+-------------------------------------------
     0 | D:1      | iamoutofideas the Gnoll Warper began the quest for the Orb.
     0 | D:1      | Reached XP level 1. HP: 20/20 MP: 6/6
   373 | D:1      | Reached XP level 2. HP: 26/26 MP: 7/7
   927 | D:1      | Found a faded altar of an unknown god.
   939 | D:1      | Reached XP level 3. HP: 28/31 MP: 9/9
   941 | D:1      | Reached skill level 5 in Spellcasting
  1177 | D:1      | Learned a level 2 spell: Blink
  1181 | D:1      | Learned a level 3 spell: Ozocubu's Armour
  1185 | D:1      | Learned a level 3 spell: Teleport Other
  1451 | D:2      | Reached skill level 1 in Invocations
  1585 | D:2      | Reached skill level 1 in Short Blades
  1585 | D:2      | Reached skill level 1 in Long Blades
  1585 | D:2      | Reached skill level 1 in Maces & Flails
  1585 | D:2      | Reached skill level 1 in Polearms
  1585 | D:2      | Reached skill level 1 in Staves
  1585 | D:2      | Reached skill level 1 in Slings
  1585 | D:2      | Reached skill level 1 in Bows
  1585 | D:2      | Reached skill level 1 in Crossbows
  1585 | D:2      | Reached skill level 1 in Stealth
  1585 | D:2      | Reached skill level 1 in Shields
  1585 | D:2      | Reached skill level 1 in Unarmed Combat
  1585 | D:2      | Reached skill level 1 in Evocations
  1970 | D:2      | Reached XP level 4. HP: 38/38 MP: 11/11
  2678 | D:3      | Reached skill level 1 in Conjurations
  2678 | D:3      | Reached skill level 1 in Hexes
  2678 | D:3      | Reached skill level 1 in Summonings
  2678 | D:3      | Reached skill level 1 in Necromancy
  2678 | D:3      | Reached skill level 1 in Transmutations
  2678 | D:3      | Reached skill level 1 in Fire Magic
  2678 | D:3      | Reached skill level 1 in Ice Magic
  2678 | D:3      | Reached skill level 1 in Air Magic
  2678 | D:3      | Reached skill level 1 in Earth Magic
  2678 | D:3      | Reached skill level 1 in Poison Magic
  2824 | D:3      | Found a broken altar of Ashenzari.
  3021 | D:3      | Became a worshipper of Ashenzari the Shackled
  3139 | D:3      | Reached XP level 5. HP: 41/43 MP: 12/12
  3191 | D:3      | Found a runed translucent gate.
  3191 | D:3      | Found a runed translucent gate.
  3191 | D:3      | Found a runed translucent gate.
  3205 | D:3      | Noticed hashsling's ghost (novice KoAM)
  3493 | D:3      | Found a sacrificial altar of Ru.
  3718 | D:4      | Noticed Sigmund
  4119 | D:4      | Killed Sigmund
  4120 | D:4      | Reached skill level 5 in Fighting
  4120 | D:4      | Reached skill level 5 in Axes
  4120 | D:4      | Reached skill level 5 in Dodging
  4120 | D:4      | Reached XP level 6. HP: 30/51 MP: 14/14
  4844 | D:4      | Noticed Robin
  4865 | D:4      | HP: 1/51 [Robin/puff of flame (9)]
  4878 | D:4      | Killed Robin
  4908 | D:4      | HP: 2/51 [poisoned by a scorpion]
  5218 | D:2      | HP: 2/51 [poisoned by a scorpion]
  5219 | D:2      | Succumbed to a scorpion's poison

Illustrated notes

Levels and vault maps discovered:
D:1:      dpeg_arrival_pits, layout_basic, shapermc_ecumenical_altar_acropolis,
          minmay_vboxes
D:2:      layout_basic, kennysheep_generic_room_7
D:3:      layout_rooms, nicolae_ru_the_path_less_chosen,
          ashenzari_conservatory_becter, gammafunk_ghost_necromancy,
          grunt_decor_fettered, minmay_goblin_outpost
D:4:      layout_loops_ring, mainiacjoe_overflow_cross_hatched, uniq_robin,
          uniq_sigmund, uniq_menkaure

Skill      XL: |  1  2  3  4  5  6 |
---------------+-------------------+-----
Spellcasting   | 5 |  5.4
Invocations    | 1 2 |  2.3
Short Blades   | 1 2 |  2.1
Long Blades    | 1 2 |  2.1
Maces & Flails | 1 2 |  2.1
Polearms       | 1 2 |  2.1
Staves         | 1 2 |  2.1
Slings         | 1 2 |  2.1
Bows           | 1 2 |  2.1
Crossbows      | 1 2 |  2.1
Stealth        | 1 2 |  2.1
Shields        | 1 2 |  2.1
Unarmed Combat | 1 2 |  2.1
Evocations     | 1 2 |  2.1
Conjurations   | 1 |  1.6
Hexes          | 1 |  1.6
Summonings     | 1 |  1.6
Necromancy     | 1 |  1.6
Transmutations | 1 |  1.6
Fire Magic     | 1 |  1.6
Ice Magic      | 1 |  1.6
Air Magic      | 1 |  1.6
Earth Magic    | 1 |  1.6
Poison Magic   | 1 |  1.6
Fighting       | 5 |  5.0
Axes           | 5 |  5.0
Throwing       | 3 |  3.3
Armour         | 3 |  3.3
Dodging        | 5 |  5.0
Translocations | |  5.7

Action                   |  1- 3 |  4- 6 || total
-------------------------+-------+-------++-------
Melee: Hand axe          |   105 |   237 ||   342
       Bite              |    11 |    17 ||    28
       Punch             |       |    10 ||    10
 Fire: Hunting sling     |       |     6 ||     6
 Cast: Blink             |       |     6 ||     6
Invok: Curse Item        |       |     1 ||     1
  Use: Potion            |       |     8 ||     8
       Scroll            |       |     1 ||     1
 Stab: Sleeping          |     2 |     1 ||     3
Armor: Leather armour    |    39 |    67 ||   106
Dodge: Dodged            |    81 |   176 ||   257

Table legend: (Time is in decaauts)
 A = Elapsed time spent in this place.
 B = Non-inter-level travel time spent in this place.
 C = Inter-level travel time spent in this place.
 D = Time resting spent in this place.
 E = Time spent auto-exploring this place.
 F = Levels seen in this place.
 G = Mean time per level.
                   A        B        C        D        E       F      G
               +--------+--------+--------+--------+--------+-----+--------+
         Total |   5245 |   5121 |    124 |   1197 |   3042 |   4 | 1311.2 |
       Dungeon |   5245 |   5121 |    124 |   1197 |   3042 |   4 | 1311.2 |
               +--------+--------+--------+--------+--------+-----+--------+

Top non-repeatable levels by time:
     D:3: 1906 daAuts
     D:2: 1289 daAuts
     D:1: 1221 daAuts
     D:4: 828 daAuts
